 Dungeon Crawl Stone Soup version 0.19.0 (webtiles) character file.

2151 Cacophonie the Slicer (level 9, -3/47 HPs)
             Began as a High Elf Artificer on Nov 6, 2016.
             Was a Follower of Hepliaklqana.
             Slain by a white ugly thing (9 damage)
             ... on level 6 of the Dungeon.
             The game lasted 00:36:52 (10719 turns).

Cacophonie the Slicer (High Elf Artificer)         Turns: 10719, Time: 00:36:52

Health: -3/47      AC:  9    Str: 11    XL:     9   Next: 10%
Magic:  12/12      EV: 11    Int: 17    God:    Hepliaklqana [*.....]
Gold:   124        SH:  6    Dex: 18    Spells: 0 memorised, 8 levels left

rFire  . . .     SeeInvis +     M - +0 falchion
rCold  . . .     Gourm    .     h - +1 ring mail
rNeg   + . .     Faith    .     (no shield)
rPois  .         Spirit   .     K - +0 helmet
rElec  .         Reflect  +     O - +0 cloak {Yiuf Magenta}
rCorr  .         Harm     .     (no gloves)
MR     .....                    u - +0 pair of boots
Stlth  ++........               q - +6 amulet of reflection
                                I - ring of positive energy
                                E - ring of see invisible

@: drained
A: reduced essence
a: Recall Ancestor, Ancestor Identity, Renounce Religion


You were on level 6 of the Dungeon.
You worshipped Hepliaklqana.
Hepliaklqana was aware of your devotion.
You were hungry.

You visited 2 branches of the dungeon, and saw 8 of its levels.

You collected 214 gold pieces.
You spent 90 gold pieces at shops.


Message History

The white ugly thing tail-slaps you but does no damage!
Henutmehyt hits the white ugly thing!!!
Henutmehyt barely misses the white ugly thing!
Things that are here:
a robe; a leather armour; a club You are feeling hungry!
The white ugly thing barely misses you!
Henutmehyt hits the white ugly thing but does no damage!
The white ugly thing tail-slaps you but does no damage!
Henutmehyt barely misses the white ugly thing!
Henutmehyt hits the white ugly thing!
The white ugly thing misses you!
Henutmehyt hits the white ugly thing!
The white ugly thing tail-slaps Henutmehyt!!!
The white ugly thing freezes Henutmehyt!!!
Henutmehyt resists!
Henutmehyt closely misses the white ugly thing!
Things that are here:
a robe; a leather armour; a club Henutmehyt hits the white ugly thing!
The white ugly thing tail-slaps you!!! rip

###### #....## ##.##..##
##...##.(# ##⌠...⌠##.#
#..@R...#.# #.>[u.<.#.#
##############)))....#.##########
.............##⌠.<.⌠##...........
################...####.########.
##.# ##### #.# #.
##.################ #.# #.
..................## #.# ##
##....###########..# #.#


You could see the friendly Henutmehyt the ancestor and a white ugly thing.

Inventory:

Hand Weapons
 a - a +1 short sword
 M - a +0 falchion (weapon)
 V - a +0 great sword
Missiles
 o - 21 poisoned needles
 y - 4 tomahawks (quivered)
 N - 2 curare-tipped needles
Armour
 b - a +0 leather armour
 h - a +1 ring mail (worn)
 u - a +0 pair of boots (worn)
 v - a +0 cloak
 D - the +10 plate armour of Articulation {rPois Str+3}
   (You found it on level 4 of the Dungeon)

   It affects your strength (+3).
   It protects you from poison.
 K - a +0 helmet (worn)
 O - a +0 cloak (worn) {Yiuf Magenta}
 U - a +0 chain mail
Jewellery
 q - a +6 amulet of reflection (around neck)
 C - an uncursed amulet of magic regeneration {unknown}
 E - a ring of see invisible (left hand)
 I - a ring of positive energy (right hand)
Wands
 c - a wand of flame (6/48)
 d - a wand of enslavement (15/24)
 e - a wand of random effects (9/48)
 l - a wand of teleportation (3/9)
 x - a wand of confusion (15/48)
 B - a wand of polymorph (11/24)
 J - a wand of disintegration (8/24)
 Q - a wand of lightning (12/15)
Scrolls
 j - 2 scrolls of enchant armour
 k - 2 scrolls of enchant weapon
 s - 2 scrolls of magic mapping
 z - 5 scrolls of identify {unknown}
 H - 2 scrolls of teleportation
 R - a scroll of blinking {unknown}
 S - a scroll of immolation {unknown}
Potions
 g - 4 potions of curing
 i - 2 potions of haste {unknown}
 n - a potion of flight {unknown}
 p - 2 potions of heal wounds {unknown}
 r - 5 potions of degeneration {unknown}
 w - 3 potions of lignification {unknown}
 A - a potion of invisibility {unknown}
 F - a potion of brilliance {unknown}
 G - a potion of might {unknown}
 P - a potion of agility {unknown}
Comestibles
 f - 6 bread rations
 m - a fruit
 t - 3 meat rations
 T - a beef jerky


   Skills:
 - Level 1.0(0.8) Fighting
 - Level 11.0(11.8) Short Blades
 + Level 8.1(10.5) Long Blades
 - Level 2.1(2.0) Dodging
 - Level 3.9(3.7) Stealth
 - Level 3.0(2.8) Evocations


You had 8 spell levels left.
You didn't know any spells.

Dungeon Overview and Level Annotations

Branches:
Dungeon (7/15)             Temple (1/1) D:4

Altars:
Ashenzari
Cheibriados
Dithmenos
Elyvilon
Fedhas
Gozag
Hepliaklqana
Kikubaaqudgha
Makhleb
Nemelex Xobeh
Okawaru
Qazlal
Ru
Sif Muna
Trog
Uskayaw
Vehumet
Xom
Yredelemnul
Zin
The Shining One

Shops:
D:4 [   D:6 *

Annotations:
D:4 hyperbowl's ghost, amateur TrFi
D:6 1 exclusion

Vault maps used:
D:1:      moated_graveyard_arrival, grunt_decor_fettered, corexii_hall_statues_s
D:3:      first_bread, uniq_iyjb
D:4:      serial_shops, nicolae_shop_waterfront
D:5:      uniq_crazy_yiuf_cottage
D:6:      minmay_cornered_nines, serial_shops, nicolae_shop_waterfront,
          grunt_ministairs_7
D:7:      the_bakery, roderic_lattice_a, nicolae_underground_beach
Temple:   nicolae_temple_the_god_donut

Vanquished Creatures
  A sky beast (D:5)
  An orc warrior (D:5)
  2 phantoms
  2 centaurs
  3 bullfrogs (D:6)
  A scorpion (D:6)
  A howler monkey (D:6)
  A bullfrog skeleton (D:6)
  3 hounds (D:6)
  A jelly (D:6)
  Crazy Yiuf (D:5)
  Ijyb (D:2)
  3 orc wizards
  A worker ant (D:6)
  6 gnolls
  A howler monkey skeleton (D:4)
  7 adders
  2 oozes
  2 adder skeletons
  3 worms (D:2)
  2 dart slugs (D:3)
  A leopard gecko (D:7)
  9 orcs
  9 bats
  7 giant cockroaches
  7 goblins
  6 hobgoblins
  10 jackals
  9 kobolds
  2 quokkas (D:2)
  2 ball pythons
  8 frilled lizards
  A jackal skeleton (D:5)
  A leopard gecko skeleton (D:5)
  12 rats
129 creatures vanquished.

Vanquished Creatures (collateral kills)
  A centaur (D:5)
  An ogre (D:6)
  A bullfrog (D:6)
  A scorpion (D:6)
  2 wights (D:6)
  2 centaur zombies
  A hound (D:6)
  A jelly (D:5)
  An orc wizard (D:5)
  2 centaur skeletons (D:5)
  An iguana (D:5)
  3 worker ants
  An adder (D:6)
  A shadow imp (D:5)
  A worm (D:3)
  An adder skeleton (D:6)
  4 orcs
  A jackal (D:6)
26 creatures vanquished.

Vanquished Creatures (others)
  A centaur (D:5)
  6 ancestors
7 creatures vanquished.

Grand Total: 162 creatures vanquished

Notes
Turn   | Place    | Note
-------+----------+-------------------------------------------
     0 | D:1      | Cacophonie the High Elf Artificer began the quest for the Orb.
     0 | D:1      | Reached XP level 1. HP: 13/13 MP: 4/4
   272 | D:1      | Reached skill level 2 in Short Blades
   493 | D:1      | Reached XP level 2. HP: 12/18 MP: 5/5
   739 | D:1      | Reached skill level 3 in Short Blades
  1391 | D:1      | Reached XP level 3. HP: 23/23 MP: 6/6
  1417 | D:2      | Reached skill level 4 in Short Blades
  2187 | D:2      | Reached XP level 4. HP: 28/28 MP: 7/7
  2240 | D:2      | Reached skill level 5 in Short Blades
  2414 | D:3      | Noticed Ijyb
  2472 | D:2      | Killed Ijyb
  2529 | D:2      | Reached XP level 5. HP: 33/33 MP: 8/8
  2616 | D:2      | Reached skill level 6 in Short Blades
  3964 | D:3      | Reached skill level 7 in Short Blades
  4307 | D:4      | Noticed hyperbowl's ghost (amateur TrFi)
  4423 | D:3      | Reached XP level 6. HP: 36/38 MP: 9/9
  4727 | D:4      | Found Ukkamiept's Armour Boutique.
  4937 | D:4      | Reached skill level 8 in Short Blades
  5062 | D:4      | Got a translucent plate armour
  5272 | D:4      | Found a staircase to the Ecumenical Temple.
  5278 | Temple   | Entered the Ecumenical Temple
  5312 | Temple   | Became a worshipper of Hepliaklqana the Forgotten
  5675 | D:5      | Entered Level 5 of the Dungeon
  5675 | D:5      | Noticed a sky beast
  5726 | D:5      | Killed a sky beast
  5726 | D:5      | Reached skill level 9 in Short Blades
  5726 | D:5      | Reached XP level 7. HP: 26/38 MP: 10/10
  6407 | D:5      | Reached * piety under Hepliaklqana
  7002 | D:5      | Reached skill level 10 in Short Blades
  7415 | D:5      | Found a runed door.
  7419 | D:5      | Noticed Crazy Yiuf
  7426 | D:5      | Killed Crazy Yiuf
  7426 | D:5      | Reached skill level 1 in Long Blades
  7442 | D:5      | Identified the +10 plate armour of Articulation {rPois Str+3} (You found it on level 4 of the Dungeon)
  7527 | D:5      | Reached XP level 8. HP: 39/43 MP: 11/11
  8650 | D:6      | Found Houj's General Store.
  8660 | D:6      | Bought a scroll of teleportation for 45 gold pieces
  8660 | D:6      | Bought a potion of curing for 45 gold pieces
  8837 | D:6      | Reached skill level 11 in Short Blades
  8844 | D:6      | d'oh
  9081 | D:6      | Reached skill level 5 in Long Blades
  9432 | D:6      | Noticed a white ugly thing
  9637 | D:6      | HP: 2/43 [something] (10)]
 10433 | D:6      | Reached XP level 9. HP: 34/47 MP: 12/12
 10719 | D:6      | Slain by a white ugly thing
